[Event "Early-Titled-Tuesday-Blitz-February-27-2024"]
[Site "Chess.com"]
[Date "2024.02.27"]
[Round "1"]
[White "Boundless_Strike"]
[Black "LionKing2367890"]
[Result "1-0"]
[WhiteElo "2606"]
[BlackElo "2245"]
[TimeControl "180+1"]
[EndTime "8:09:36 PST"]
[Termination "Boundless_Strike won by resignation"]

1. d4 Nf6 2. f3 d5 3. e4 dxe4 4. Nc3 exf3 5. Nxf3 Bg4 6. h3 Bxf3 7. Qxf3 c6 8. g4 e6 9. g5 Nd5 10. Bd3 g6 11.
Ne4 Bg7 12. c3 O-O 13. h4 e5 14. Bd2 exd4 15. c4 f5 16. gxf6 Nxf6 17. O-O-O Nbd7 18. Qh3 Nxe4 19. Bxe4 Nc5 20. h5 Nxe4 21. Qe6+ Rf7 22. hxg6 hxg6 23. Qxe4 Qf6 24. Rdg1 Qf5 25. Qg2 Qd3 26.
Qh2 Qxc4+ 27. Kb1 Qd3+ 28. Ka1 Re8 29. Qh7+ Kf8 30. Bc1 Qf5 31. Rxg6 Re5 32. Bh6 Bxh6 33. Qxh6+ Ke7 34. Rgg1 Qf6 35. Qh2 Qe6 36. Qd2 c5 37. Qc2 Kd7 38. Qa4+ Qc6 39. Qxa7 Rfe7 40. Qa5 b6 41.
Qa7+ Kd6 42. Qb8+ Qc7 43. Qh8 Qb7 44. a3 b5 45. Rh6+ R5e6 46. Rhh1 b4 47. Qh2+ Kd7 48. Rb1 bxa3 49. bxa3 Rb6 50. Qa2 Rxb1+ 51. Rxb1 Qc6 52. Qb3 Re3 53. Qf7+ Kd6 54. Qf6+ Kc7 55. Qf7+ Qd7 56.
Rb7+ Kxb7 57. Qxd7+ Kb6 58. Qd6+ Kb5 59. Kb2 Re2+ 60.
Kb3 Re3+ 61. Kc2 Rxa3 62. Qd7+ Kc4 63. Qf7+ Kb4 64. Qe8 Rc3+ 65. Kd2 Ra3 66. Qb8+ Kc4 67. Qb2 Rb3 68. Qa2 Kb4 69. Kc2 Rc3+ 70. Kb2 Re3 71.
Qf7 Re2+ 72. Kc1 Re3 73. Kd2 Ra3 74. Qb7+ Kc4 75. Ke2 Ra2+ 76. Kf3 Ra3+ 77. Ke2 Ra2+ 78. Kd1 Ra1+ 79. Kc2 Ra2+ 80. Kb1 Ra3 81. Kb2 Rc3 82. Qb6 d3 83. Qa6+ Kd4 84. Qf6+ 1-0

[Event "Early-Titled-Tuesday-Blitz-February-27-2024"]
[Site "Chess.com"]
[Date "2024.02.27"]
[Round "1"]
[White "Kotofeyca"]
[Black "IlanSchnaider"]
[Result "0-1"]
[WhiteElo "2422"]
[BlackElo "2741"]
[TimeControl "180+1"]
[EndTime "8:09:42 PST"]
[Termination "IlanSchnaider won by resignation"]

1. d4 Nf6 2. c4 e6 3. Nf3 d5 4.
cxd5 exd5 5. Nc3 Bd6 6. Bg5 c6 7. Qc2 Bg4 8. Ne5 Bh5 9. e3 Nbd7 10. Nxd7 Qxd7 11. Bxf6 gxf6 12. Bd3 Bg6 13. O-O-O Bc7 14.
h4 O-O-O 15. h5 Bxd3 16. Qxd3 Rdg8 17. g3 h6 18. Rh4 Rg5 19. Qe2 Re8 20. Qf3 Re6 21. Ne2 f5 22. Kb1 Re4 23. Rhh1 Kb8 24. Nc3 Re6 25. Rh4 Bd6 26. Rc1 Be7 27. Rf4 Rf6 28.
Ne2 Bd6 29. Rh4 Qe7 30. Rc2 Qe6 31. Nf4 Qd7 32. Nd3 Re6 33. Nc5 Bxc5 34. Rxc5 Qd6 35.
Rc1 a6 36. Rf4 Rf6 37. Qe2 Qe6 38. Rh1 Qe7 39. Qd3 Ka7 40. a3 Qd7 41. Ka2 Re6 42.
b4 Re4 43. Rfh4 Rgg4 44. R4h2 Qe6 45. Re1 Rg5 46. f3 Rxg3 47. fxe4 dxe4+ 48. Qb3 Qd6 49. Rc2 Rh3 50. Qxf7 f4 51. Qxf4 Qd5+ 52. Kb2 Qxh5 53. Qxe4 Rh4 54. Qe5 Qf3 55. Qc5+ Ka8 56. Rg1 Rg4 57.
Rxg4 Qxg4 58. e4 Qxe4 59. Qe5 Qd3 60. Re2 h5 61. Qe4 Qc4 62. Rc2 Qf7 63. Qe5 Qd7 64.
Rd2 h4 65. Qh8+ Ka7 66. Qxh4 Qf5 67. Qh2 Qg5 68. Qf2 Qh6 69. Qe2 Qg5 70. Qd3 Qg7 71. Qc3 Qh6 72. Qc5+ b6 73. Re2 bxc5 74. bxc5 Qh5 75. Re7+ Kb8 76. Re6 Qh2+ 77. Kc1 Qg1+ 78. Kc2 Qxd4 79. Re8+ Kc7 80. Re7+ Kd8 81. Re2 Qc4+ 82. Kd1 Qxc5 83. Rc2 Qb5 84. Rd2+ Kc7 85. Kc2 Qa4+ 86. Kb2 c5 87. Rc2 Kc6 88. Rc3 c4 89. Rh3 Qb5+ 90. Kc2 Qf5+ 91. Kc3 Qxh3+ 92. Kxc4 Qxa3 0-1

[Event "Early-Titled-Tuesday-Blitz-February-27-2024"]
[Site "Chess.com"]
[Date "2024.02.27"]
[Round "2"]
[White "Bilan_Danila"]
[Black "LLariMarc"]
[Result "1-0"]
[WhiteElo "2545"]
[BlackElo "2319"]
[TimeControl "180+1"]
[EndTime "8:11:14 PST"]
[Termination "Bilan_Danila won by resignation"]

1. d4 e6 2. Nf3 Nf6 3. g3 b6 4. Bg2 Bb7 5. O-O c5 6. c4 cxd4 7. Nxd4 Bxg2 8. Kxg2 d5 9. Nc3 Bb4 10. Qa4+ Qd7 11. Qxb4 Na6 12. Qb5 1-0

[Event "Early-Titled-Tuesday-Blitz-February-27-2024"]
[Site "Chess.com"]
[Date "2024.02.27"]
[Round "2"]
[White "GMG"]
[Black "jamengrand"]
[Result "1/2-1/2"]
[WhiteElo "2694"]
[BlackElo "2377"]
[TimeControl "180+1"]
[EndTime "8:11:55 PST"]
[Termination "Game drawn by repetition"]

1. d4 d5 2. c4 e6 3. Nf3 Nf6 4. Nc3 c5 5. cxd5 Nxd5 6. e4 Nxc3 7. bxc3 cxd4 8. cxd4 Bb4+ 9. Bd2 Bxd2+ 10. Qxd2 O-O 11. Bc4 Nd7 12. O-O b6 13. Rad1 Bb7 14. Rfe1 Rc8 15.
Bb3 h6 16. h3 Re8 17. Qf4 Qc7 18. Qh4 Qd8 19. Qf4 Qc7 20. Qh4 Qd8 21. Qf4 1/2-1/2

[Event "Early-Titled-Tuesday-Blitz-February-27-2024"]
[Site "Chess.com"]
[Date "2024.02.27"]
[Round "2"]
[White "Lovetov"]
[Black "jimmy-schlumpf"]
[Result "1-0"]
[WhiteElo "2539"]
[BlackElo "2312"]
[TimeControl "180+1"]
[EndTime "8:12:09 PST"]
[Termination "Lovetov won by resignation"]

1. Nf3 Nf6 2. c4 g6 3. Nc3 Bg7 4. e4 e5 5. Nxe5 O-O 6. Nf3 Re8 7. d3 d5 8. cxd5 Nxd5 9. Bd2 Nb4 10. Bg5 Qd6 11.
a3 N4c6 12. Be2 Nd4 13. Nxd4 Qxd4 14. Be3 Qb6 15. Bxb6 1-0

[Event "Early-Titled-Tuesday-Blitz-February-27-2024"]
[Site "Chess.com"]
[Date "2024.02.27"]
[Round "2"]
[White "Sjakkerntobi"]
[Black "lluiss"]
[Result "1-0"]
[WhiteElo "2486"]
[BlackElo "2176"]
[TimeControl "180+1"]
[EndTime "8:12:17 PST"]
[Termination "Sjakkerntobi won by resignation"]

1. e4 e6 2. d4 d5 3. Nc3 Nf6 4. e5 Nfd7 5. f4 b6 6. Nf3 Ba6 7. Bxa6 Nxa6 8. O-O g6 9. Qe2 Nb4 10. a3 Nc6 11. b4 h5 12. Be3 Be7 13. Nd1 Qc8 14.
Nf2 Kf8 15. c4 dxc4 16. Qxc4 Qb7 17. Rac1 Rc8 18. Qxc6 Qxc6 19. Rxc6 1-0

[Event "Early-Titled-Tuesday-Blitz-February-27-2024"]
[Site "Chess.com"]
[Date "2024.02.27"]
[Round "2"]
[White "xhembulla"]
[Black "Oleksandr_Bortnyk"]
[Result "0-1"]
[WhiteElo "2646"]
[BlackElo "3056"]
[TimeControl "180+1"]
[EndTime "8:12:19 PST"]
[Termination "Oleksandr_Bortnyk won by resignation"]

1. e4 Nf6 2. e5 Nd5 3. d4 d6 4.
Nf3 dxe5 5. Nxe5 c6 6. Bc4 Nd7 7. Nxd7 Bxd7 8. O-O Bf5 9. Re1 e6 10. Nc3 Nxc3 11. bxc3 Bd6 12. Rb1 Qc7 13. h3 O-O 14. Bd3 Bg6 15. Bg5 Qa5 16. Rxb7 Qxg5 17. Bxg6 hxg6 18.
Qf3 Qd5 0-1

[Event "Early-Titled-Tuesday-Blitz-February-27-2024"]
[Site "Chess.com"]
[Date "2024.02.27"]
[Round "2"]
[White "kibromNNN"]
[Black "KorolDimitriy75"]
[Result "0-1"]
[WhiteElo "1793"]
[BlackElo "2434"]
[TimeControl "180+1"]
[EndTime "8:12:24 PST"]
[Termination "KorolDimitriy75 won by resignation"]

1. d4 Nf6 2. c4 c5 3. d5 b5 4.
cxb5 a6 5. bxa6 g6 6. g3 Bxa6 7. Bg2 d6 8. Nf3 Bg7 9. O-O O-O 10. Nbd2 Nbd7 11. Re1 Qa5 12. e4 Ng4 13. a3 Nde5 14.
Nxe5 Nxe5 15. Nb3 Qb6 16. Kh1 Nd3 17. Re3 Nxf2+ 18. Kg1 Nxd1 19. Re1 Qxb3 0-1

[Event "Early-Titled-Tuesday-Blitz-February-27-2024"]
[Site "Chess.com"]
[Date "2024.02.27"]
[Round "2"]
[White "xakevicius91"]
[Black "xamax2000"]
[Result "0-1"]
[WhiteElo "2573"]
[BlackElo "2843"]
[TimeControl "180+1"]
[EndTime "8:12:43 PST"]
[Termination "xamax2000 won by resignation"]

1. e4 e5 2. Nf3 Nc6 3. d4 exd4 4.
Nxd4 Bc5 5. Nb3 Bb6 6. Nc3 Nf6 7. Qe2 O-O 8. Be3 d5 9. Bxb6 axb6 10. O-O-O d4 11.
Nd5 Nxd5 12. exd5 Qxd5 13. a3 Be6 14. Qb5 Qd6 15. Bc4 Na7 16. Qb4 Qxb4 0-1

[Event "Early-Titled-Tuesday-Blitz-February-27-2024"]
[Site "Chess.com"]
[Date "2024.02.27"]
[Round "2"]
[White "Onischuk_V"]
[Black "SaiAgni_98"]
[Result "1-0"]
[WhiteElo "2797"]
[BlackElo "2554"]
[TimeControl "180+1"]
[EndTime "8:12:50 PST"]
[Termination "Onischuk_V won by resignation"]

1. e4 c5 2. Nf3 g6 3. h4 h5 4. d4 Bg7 5. dxc5 Qa5+ 6. Nc3 Qxc5 7.
Nd5 d6 8. b4 Bc3+ 9. Bd2 Bxd2+ 10. Qxd2 Qc6 11. Bb5 Na6 12. Bxc6+ bxc6 13. Qc3 1-0

[Event "Early-Titled-Tuesday-Blitz-February-27-2024"]
[Site "Chess.com"]
[Date "2024.02.27"]
[Round "2"]
[White "the_blue_pill"]
[Black "ukchessbomber"]
[Result "0-1"]
[WhiteElo "2395"]
[BlackElo "2662"]
[TimeControl "180+1"]
[EndTime "8:13:12 PST"]
[Termination "ukchessbomber won by resignation"]

1. b3 b6 2. Nf3 Bb7 3. g3 g6 4. Bb2 Nf6 5. Bg2 Bg7 6. O-O c5 7. d4 cxd4 8. Nxd4 Bxg2 9. Kxg2 O-O 10. c4 Nc6 11. Nd2 Nxd4 12. Bxd4 d5 13. cxd5 Qxd5+ 14. Nf3 Rfd8 15. Rc1 Qe4 16. Rc3 e5 17. Re3 Rxd4 18.
Qxd4 exd4 0-1

[Event "Early-Titled-Tuesday-Blitz-February-27-2024"]
[Site "Chess.com"]
[Date "2024.02.27"]
[Round "2"]
[White "MattyDPerrine"]
[Black "pirulillo"]
[Result "1-0"]
[WhiteElo "2501"]
[BlackElo "2213"]
[TimeControl "180+1"]
[EndTime "8:13:15 PST"]
[Termination "MattyDPerrine won by resignation"]

1. e4 c5 2. Nf3 e6 3. c3 d5 4.
exd5 Qxd5 5. d4 Nf6 6. Na3 a6 7. Nc4 Qd8 8. a4 cxd4 9. Qxd4 Qxd4 10. Nxd4 Nbd7 11. Bf4 e5 12. Nxe5 Nxe5 13. Bxe5 Be7 14.
Be2 O-O 15. Bf3 Re8 16. O-O Bd8 17. Rfe1 Nd7 18. Bg3 Kf8 19. Bd6+ Be7 20. Rxe7 Rxe7 21. Re1 1-0

[Event "Early-Titled-Tuesday-Blitz-February-27-2024"]
[Site "Chess.com"]
[Date "2024.02.27"]
[Round "2"]
[White "GMKrikor"]
[Black "Bastiandash"]
[Result "1-0"]
[WhiteElo "2935"]
[BlackElo "2609"]
[TimeControl "180+1"]
[EndTime "8:13:30 PST"]
[Termination "GMKrikor won by resignation"]

1. Nf3 d5 2. c4 e6 3. d4 Nf6 4.
Nc3 a6 5. cxd5 exd5 6. Bf4 Bd6 7.
Bxd6 Qxd6 8. e3 Be6 9. Bd3 Nbd7 10. O-O O-O 11. h3 h6 12. Rc1 c5 13. dxc5 Nxc5 14. Bb1 Rac8 15. Qd4 Qb6 16. Ne2 Rc7 17. b4 1-0

[Event "Early-Titled-Tuesday-Blitz-February-27-2024"]
[Site "Chess.com"]
[Date "2024.02.27"]
[Round "2"]
[White "PLAYER_2006_M"]
[Black "Zavgorodniy_Sergiy"]
[Result "1-0"]
[WhiteElo "3006"]
[BlackElo "2631"]
[TimeControl "180+1"]
[EndTime "8:13:33 PST"]
[Termination "PLAYER_2006_M won by resignation"]

1. e4 c6 2. Nf3 d5 3. Nc3 Bg4 4.
h3 Bxf3 5. Qxf3 dxe4 6. Nxe4 Nd7 7. d4 Ngf6 8. Bd3 Nxe4 9. Qxe4 Nf6 10. Qe3 e6 11.
O-O Be7 12. Rd1 O-O 13. c3 Nd5 14. Qf3 b5 15. a4 a6 16. g3 g6 17. Bh6 Re8 18.
h4 Bf8 19. Bg5 Be7 20. Bd2 Bf6 21. Kg2 h5 22. Be4 Kg7 23. Be1 Qd6 24. b3 Red8 25.
c4 bxc4 26. bxc4 Ne7 27. Rab1 Rab8 28. Ba5 Rxb1 29. Rxb1 Rb8 30. c5 1-0

[Event "Early-Titled-Tuesday-Blitz-February-27-2024"]
[Site "Chess.com"]
[Date "2024.02.27"]
[Round "2"]
[White "GMSrinath"]
[Black "Talcrifice"]
[Result "1-0"]
[WhiteElo "2800"]
[BlackElo "2555"]
[TimeControl "180+1"]
[EndTime "8:13:34 PST"]
[Termination "GMSrinath won by resignation"]

1. e4 e5 2. Nf3 Nc6 3. Bb5 a6 4. Ba4 Nf6 5. d3 b5 6. Bb3 Bc5 7.
O-O d6 8. c3 O-O 9. Bg5 h6 10.
Bh4 Bb6 11. Nbd2 Re8 12. Re1 Be6 13. Nf1 Bxb3 14. axb3 Re6 15. d4 exd4 16. cxd4 Re8 17. Rc1 Nb4 18. Ng3 g6 19. Qd2 a5 20. Qxh6 Ng4 21.
Qf4 Qd7 22. Red1 Kg7 23. h3 Nh6 24. Bf6+ Kh7 25. Ng5+ 1-0

[Event "Early-Titled-Tuesday-Blitz-February-27-2024"]
[Site "Chess.com"]
[Date "2024.02.27"]
[Round "2"]
[White "Canal_Showdrez"]
[Black "Misterfox120"]
[Result "0-1"]
[WhiteElo "1987"]
[BlackElo "2450"]
[TimeControl "180+1"]
[EndTime "8:13:34 PST"]
[Termination "Misterfox120 won by resignation"]

1. d4 d5 2. Nf3 Nf6 3. e3 c6 4. Bd3 Bg4 5. Nbd2 e6 6. c3 Bd6 7. h3 Bh5 8. O-O Nbd7 9. b3 O-O 10. Bb2 e5 11. Re1 e4 0-1

[Event "Early-Titled-Tuesday-Blitz-February-27-2024"]
[Site "Chess.com"]
[Date "2024.02.27"]
[Round "2"]
[White "aistrel"]
[Black "Gabrielian_Artur"]
[Result "0-1"]
[WhiteElo "2545"]
[BlackElo "2782"]
[TimeControl "180+1"]
[EndTime "8:13:39 PST"]
[Termination "Gabrielian_Artur won by resignation"]

1. d4 Nf6 2. Nc3 d5 3. Bf4 e6 4. Nb5 Na6 5. e3 Be7 6. Nf3 O-O 7. Be2 c6 8. Nc3 c5 9. O-O c4 10. Ne5 Nc7 11. e4 dxe4 12. Bxc4 Ncd5 13. Bd2 Nb6 14. Be3 Nxc4 15. Nxc4 b6 16. a4 Ba6 17. Nb5 Nd5 18. Ne5 Rc8 19. c4 Nxe3 20. fxe3 f6 21. Qg4 fxe5 22. Qxe6+ Kh8 23. b3 Bxb5 24. axb5 exd4 25.
Rxa7 Rxf1+ 26. Kxf1 dxe3 27. g3 e2+ 28. Kg2 0-1

[Event "Early-Titled-Tuesday-Blitz-February-27-2024"]
[Site "Chess.com"]
[Date "2024.02.27"]
[Round "2"]
[White "AlexeiShirov"]
[Black "VitaliyChayka"]
[Result "1-0"]
[WhiteElo "2854"]
[BlackElo "2499"]
[TimeControl "180+1"]
[EndTime "8:13:39 PST"]
[Termination "AlexeiShirov won by resignation"]

1. e4 d6 2. d4 Nf6 3. Nc3 e5 4. Nf3 Nbd7 5. g4 Nxg4 6. Rg1 Ngf6 7. Bc4 h6 8. Be3 c6 9. dxe5 dxe5 10. Qd3 Qc7 11.
Bxf7+ Kxf7 12. Qc4+ Ke8 13. Qe6+ Kd8 14. O-O-O Ne8 15.
Nxe5 Nd6 16. Rxd6 Qxd6 17. Nf7+ Kc7 18. Nxd6 Bxd6 19. Rxg7 1-0

[Event "Early-Titled-Tuesday-Blitz-February-27-2024"]
[Site "Chess.com"]
[Date "2024.02.27"]
[Round "2"]
[White "NastyaHn"]
[Black "BillCoe"]
[Result "1-0"]
[WhiteElo "2458"]
[BlackElo "2094"]
[TimeControl "180+1"]
[EndTime "8:13:50 PST"]
[Termination "NastyaHn won by resignation"]

1. Nc3 g6 2. e4 Bg7 3. d4 d6 4. f4 e6 5. Nf3 Ne7 6. Be2 O-O 7. Be3 b6 8. O-O Bb7 9. Qe1 Nd7 10. Rd1 c6 11. Qf2 Qc7 12. h4 h5 13. Ng5 d5 14. e5 Nf5 15. Bd3 Nxe3 16. Qxe3 c5 17. Nb5 Qd8 18. Nd6 Bc6 19. c3 cxd4 20. cxd4 Qe7 21.
Qf3 f6 22. Bxg6 fxg5 23. Qxh5 Bh8 24. fxg5 Rxf1+ 25. Rxf1 Rf8 26. Rf7 Rxf7 27. Bxf7+ 1-0

[Event "Early-Titled-Tuesday-Blitz-February-27-2024"]
[Site "Chess.com"]
[Date "2024.02.27"]
[Round "2"]
[White "jk13"]
[Black "FredddieCroderg"]
[Result "1-0"]
[WhiteElo "2689"]
[BlackElo "2290"]
[TimeControl "180+1"]
[EndTime "8:13:54 PST"]
[Termination "jk13 won by resignation"]

1. e4 c6 2. Nc3 d5 3. Qe2 d4 4.
Nd1 e5 5. d3 c5 6. g3 Nc6 7. f4 f6 8. Nf2 Bd6 9. Bh3 Nge7 10. Nf3 O-O 11. O-O Bxh3 12. Nxh3 Rc8 13. Bd2 b5 14. a4 a6 15. axb5 axb5 16. fxe5 Nxe5 17. Nxe5 Bxe5 18. Nf4 c4 19. Ne6 Qb6 20. Nxf8 Rxf8 21. Bb4 Re8 22. Bxe7 Rxe7 23. Ra8+ Bb8 24. Qg4 Qb7 25. Rfa1 c3 26. b3 g6 27. R1a7 Qxa7 28.
Rxa7 Bxa7 29. Qc8+ Kf7 30. Kg2 b4 31. Qc4+ Kg7 32.
Qxb4 f5 33. Qxe7+ 1-0

[Event "Early-Titled-Tuesday-Blitz-February-27-2024"]
[Site "Chess.com"]
[Date "2024.02.27"]
[Round "2"]
[White "TioCridineno"]
[Black "chipmunknau"]
[Result "0-1"]
[WhiteElo "2418"]
[BlackElo "2719"]
[TimeControl "180+1"]
[EndTime "8:14:03 PST"]
[Termination "chipmunknau won by resignation"]

1. e4 c6 2. d4 d5 3. e5 Bf5 4. h4 h6 5. g4 Bd7 6. Be3 e6 7. h5 Qb6 8. Nd2 c5 9. Nb3 cxd4 10. Bxd4 Qc7 11. Bd3 Nc6 12. f4 Nxd4 13. Nxd4 Ne7 14. Ngf3 Nc6 15. c3 Bc5 16. b4 Nxd4 17. Nxd4 Bxd4 18.
cxd4 Qc3+ 19. Ke2 Qxd4 20. Qd2 Ke7 21. Rac1 Rhc8 22. a3 f6 23. exf6+ gxf6 24. Bg6 Bb5+ 25. Bd3 Qe4+ 26. Qe3 Bxd3+ 27. Kd2 Qxe3+ 0-1

[Event "Early-Titled-Tuesday-Blitz-February-27-2024"]
[Site "Chess.com"]
[Date "2024.02.27"]
[Round "2"]
[White "ural58"]
[Black "HelvertHernandez"]
[Result "1-0"]
[WhiteElo "2451"]
[BlackElo "1996"]
[TimeControl "180+1"]
[EndTime "8:14:08 PST"]
[Termination "ural58 won by checkmate"]

1. e4 c5 2. b3 Nc6 3. Bb2 d6 4. f4 e5 5. Qf3 Nd4 6. Qd3 Qc7 7. Nf3 Bg4 8. Nxd4 cxd4 9. c3 dxc3 10. Nxc3 Nf6 11. f5 d5 12. h3 dxe4 13. Qb5+ Nd7 14. hxg4 O-O-O 15. Nxe4 Kb8 16. Rc1 Qb6 17. Qxb6 Nxb6 18.
Bxe5+ Ka8 19. Bb5 f6 20. Bc7 Rd4 21. Bxb6 axb6 22. Rc8+ Ka7 23. Nc3 Rxg4 24. Be2 Rf4 25. Nb5+ Ka6 26. Ra8# 1-0

[Event "Early-Titled-Tuesday-Blitz-February-27-2024"]
[Site "Chess.com"]
[Date "2024.02.27"]
[Round "2"]
[White "betta2004"]
[Black "RamonManon0g"]
[Result "0-1"]
[WhiteElo "2579"]
[BlackElo "2381"]
[TimeControl "180+1"]
[EndTime "8:14:09 PST"]
[Termination "RamonManon0g won by resignation"]

1. d4 Nf6 2. Nc3 g6 3. Bf4 d5 4. e3 Bg7 5. Be2 O-O 6. h4 h5 7. Nf3 Bg4 8. Ne5 Bxe2 9. Qxe2 c5 10. dxc5 Qa5 11. O-O Qxc5 12. Rad1 Nc6 13. Qf3 d4 14.
Nxc6 dxc3 15. Nd4 cxb2 16. Rb1 e5 17. Nb3 Qc3 18. Bg5 Ng4 19. Qxb7 Qxc2 20. Na5 Rab8 21. Qd5 Kh7 22. Nc6 Rbc8 23. Nxa7 Rc5 24. Qb7 Qxb1 0-1

[Event "Early-Titled-Tuesday-Blitz-February-27-2024"]
[Site "Chess.com"]
[Date "2024.02.27"]
[Round "2"]
[White "SharapovEvgeny"]
[Black "Heinza9"]
[Result "0-1"]
[WhiteElo "2524"]
[BlackElo "2328"]
[TimeControl "180+1"]
[EndTime "8:14:10 PST"]
[Termination "Heinza9 won by resignation"]

1. e4 e5 2. Nf3 Nc6 3. Bb5 f5 4.
Bxc6 dxc6 5. Nc3 Bd6 6. Qe2 Qe7 7. d3 Nf6 8. Bd2 O-O 9. O-O-O fxe4 10. Nxe4 Bg4 11.
h3 Bxf3 12. gxf3 Nd5 13. Rhg1 Nf4 14. Bxf4 Rxf4 15. Rg3 Kh8 16. Rdg1 g6 17. Kb1 Raf8 18. Ng5 c5 19. Rg4 a6 20. h4 Rxg4 21. Rxg4 Qf6 22.
Qe4 c6 23. h5 Qf5 24. hxg6 hxg6 25. a3 Kg7 26. f4 Qxg4 0-1

[Event "Early-Titled-Tuesday-Blitz-February-27-2024"]
[Site "Chess.com"]
[Date "2024.02.27"]
[Round "2"]
[White "Shuvalov"]
[Black "Ariadna_Atreides"]
[Result "1-0"]
[WhiteElo "2488"]
[BlackElo "2197"]
[TimeControl "180+1"]
[EndTime "8:14:11 PST"]
[Termination "Shuvalov won by resignation"]

1. d4 Nf6 2. c4 e6 3. Nc3 Bb4 4. e3 O-O 5. a3 Bxc3+ 6. bxc3 d6 7. Ne2 e5 8. Ng3 Qe7 9. Bd3 b6 10. O-O g6 11. e4 Bb7 12. Bg5 Nbd7 13. f4 exd4 14.
cxd4 Qe6 15. e5 Ng4 16. f5 gxf5 17. Bxf5 Qxc4 18. Qxg4 1-0

[Event "Early-Titled-Tuesday-Blitz-February-27-2024"]
[Site "Chess.com"]
[Date "2024.02.27"]
[Round "2"]
[White "mightysmasher"]
[Black "Aleksandar-Topalov"]
[Result "1-0"]
[WhiteElo "2559"]
[BlackElo "2342"]
[TimeControl "180+1"]
[EndTime "8:14:16 PST"]
[Termination "mightysmasher won by resignation"]

1. e4 e6 2. d4 d5 3. exd5 exd5 4. Nf3 Bd6 5. Bd3 Ne7 6. O-O h6 7. c3 O-O 8. Re1 Bg4 9. Nbd2 c6 10. Qc2 Nd7 11. h3 Bh5 12. Ne5 Nxe5 13. dxe5 Bc5 14. Nf1 Bg6 15. Ng3 Bxd3 16. Qxd3 Ng6 17. Nf5 Re8 18. Qg3 Qd7 19. Qg4 Re6 20. a4 Rae8 21. b4 Bb6 22. a5 Bc7 23. f4 Kh7 24. Bd2 f6 25. Nd4 R6e7 26. e6 Qd6 27. Nf5 1-0

[Event "Early-Titled-Tuesday-Blitz-February-27-2024"]
[Site "Chess.com"]
[Date "2024.02.27"]
[Round "2"]
[White "MetiForce"]
[Black "DrCeltic"]
[Result "1-0"]
[WhiteElo "2901"]
[BlackElo "2602"]
[TimeControl "180+1"]
[EndTime "8:14:19 PST"]
[Termination "MetiForce won by checkmate"]

1. Nf3 d5 2. c4 c6 3. e3 Nf6 4.
Nc3 Bf5 5. d4 e6 6. Nh4 Be4 7.
f3 Bg6 8. Bd2 Nbd7 9. Qb3 Qc7 10.
O-O-O Be7 11. Nxg6 hxg6 12. cxd5 Nxd5 13. Kb1 a6 14. e4 Nxc3+ 15. Bxc3 O-O-O 16. h3 Kb8 17. Be2 Ka8 18. Qa4 Rc8 19. Ba5 Qb8 20. Rd3 Bd8 21.
Rb3 Bxa5 22. Qxa5 Qc7 23. Qa3 Rh5 24. Rc1 Ra5 25. Qb4 Qd8 26. Qxb7# 1-0

[Event "Early-Titled-Tuesday-Blitz-February-27-2024"]
[Site "Chess.com"]
[Date "2024.02.27"]
[Round "2"]
[White "Taran2004"]
[Black "Andrey_Klymchuk"]
[Result "0-1"]
[WhiteElo "2404"]
[BlackElo "2714"]
[TimeControl "180+1"]
[EndTime "8:14:23 PST"]
[Termination "Andrey_Klymchuk won by resignation"]

1. e4 c5 2. Nf3 Nc6 3. Bb5 Nf6 4. e5 Nd5 5. c4 Nc7 6. O-O g6 7. Nc3 Bg7 8. Re1 O-O 9. d4 cxd4 10.
Nxd4 Nxe5 11. Bf4 d6 12. Qe2 Bg4 13. f3 Ne6 14. Nxe6 Bxe6 15. Rad1 a6 16. Bxe5 Bxe5 17.
Ba4 Rc8 18. Nd5 Bxd5 19. Rxd5 Bf6 20. Bc2 Qb6+ 21. Kh1 Qxb2 22. Rb1 Qxa2 23. Rxb7 Qxc4 24. Qxc4 Rxc4 25. Bb3 Rc1+ 26. Rd1 Rfc8 0-1

[Event "Early-Titled-Tuesday-Blitz-February-27-2024"]
[Site "Chess.com"]
[Date "2024.02.27"]
[Round "2"]
[White "HansOnTwitch"]
[Black "Schattman"]
[Result "1-0"]
[WhiteElo "3148"]
[BlackElo "2434"]
[TimeControl "180+1"]
[EndTime "8:14:24 PST"]
[Termination "HansOnTwitch won by resignation"]

1. e4 c5 2. Nf3 d6 3. d4 cxd4 4. Nxd4 Nf6 5. Nc3 a6 6. Bg5 e6 7. f4 Nbd7 8. Qf3 h6 9. Bh4 g6 10. O-O-O Qc7 11. g4 Be7 12. Bg3 e5 13. g5 hxg5 14.
fxg5 exd4 15. gxf6 dxc3 16. fxe7 cxb2+ 17. Kb1 Ne5 18. Bxe5 dxe5 19. Qf6 Be6 20. Rd8+ Rxd8 21. exd8=Q+ Qxd8 22.
Qxh8+ Ke7 23. Qxd8+ Kxd8 24. Kxb2 1-0

[Event "Early-Titled-Tuesday-Blitz-February-27-2024"]
[Site "Chess.com"]
[Date "2024.02.27"]
[Round "2"]
[White "MyDream003"]
[Black "inagreV"]
[Result "1-0"]
[WhiteElo "2701"]
[BlackElo "2401"]
[TimeControl "180+1"]
[EndTime "8:14:27 PST"]
[Termination "MyDream003 won by resignation"]

1. Nf3 Nf6 2. d4 g6 3. c4 Bg7 4. Nc3 O-O 5. e4 d6 6. Be2 e5 7.
O-O Bg4 8. d5 a5 9. Be3 Na6 10. Nd2 Bd7 11. a3 b6 12. Rb1 Nc5 13.
b4 axb4 14. axb4 Na4 15. Nxa4 Bxa4 16. Qc1 Bd7 17. h3 Ne8 18. c5 bxc5 19. bxc5 f5 20. c6 Bc8 21. f3 h5 22. exf5 gxf5 23. f4 exf4 24. Bxf4 Qh4 25. Nf3 Qf6 26. Kh1 Ra2 27. Bc4 Qg6 28. Bxa2 1-0

[Event "Early-Titled-Tuesday-Blitz-February-27-2024"]
[Site "Chess.com"]
[Date "2024.02.27"]
[Round "2"]
[White "Fonsofan"]
[Black "ljuks68"]
[Result "1-0"]
[WhiteElo "2737"]
[BlackElo "2408"]
[TimeControl "180+1"]
[EndTime "8:14:29 PST"]
[Termination "Fonsofan won by resignation"]

1. b4 d5 2. e3 e5 3. Bb2 Qd6 4. c4 dxc4 5. Bxc4 Qxb4 6. Qc2 Qe7 7. Nf3 Nd7 8. Nc3 c6 9. d4 exd4 10. Nxd4 Ngf6 11. O-O g6 12. a4 Bg7 13. Ba3 c5 14. a5 O-O 15. Rfd1 a6 16. Rab1 Ne5 17. Na4 Qc7 18.
Bxc5 Nxc4 19. Bxf8 Bxf8 20. Nb6 1-0

[Event "Early-Titled-Tuesday-Blitz-February-27-2024"]
[Site "Chess.com"]
[Date "2024.02.27"]
[Round "2"]
[White "Sanan_Sjugirov"]
[Black "averageFM"]
[Result "1-0"]
[WhiteElo "2973"]
[BlackElo "2629"]
[TimeControl "180+1"]
[EndTime "8:14:34 PST"]
[Termination "Sanan_Sjugirov won by checkmate"]

1. e4 c5 2. Nf3 e6 3. d3 Nc6 4.
g3 g6 5. Bg2 Bg7 6. h4 h6 7.
O-O Nge7 8. Re1 O-O 9. c3 e5 10. Na3 d6 11. Nc4 Bg4 12. Ne3 Be6 13. h5 g5 14. Nh2 d5 15. g4 dxe4 16. dxe4 Qxd1 17. Rxd1 Rfd8 18. Nd5 Nxd5 19. exd5 Ne7 20. Bxg5 hxg5 21. dxe6 fxe6 22. Bxb7 Rxd1+ 23. Rxd1 Rb8 24. Rd7 Nd5 25. Bxd5 exd5 26. Rxd5 Rxb2 27. Nf3 e4 28. Nxg5 Bxc3 29. Rxc5 Bd4 30. Rc8+ Kg7 31. Ne6+ Kf6 32. Nxd4 Kg5 33. Rg8+ Kh4 34. Kg2 e3 35. Nf3# 1-0